cohdb
Replays
Latest Replays
All Replays
Popular Replays
Top Player Replays
Match Explorer
How It Works
Community
CoH3 Stats
Reddit
Sign in to upload your games and track your stats! →
Sign in with Steam
Match 46170473
Unlisted
Match 46170473
Overview
Messages
Build Orders
End
Engineer Squad
Selects Special Operations Battlegroup
Selects M29 Weasel Recon Vehicle
M29 Weasel Recon Vehicle
Construct Weapon Support Center
Bazooka Squad
M1919 Machine Gun Team
Mechanized Support Center
M3 Armored Personnel Carrier
Selects Raiding Flares
M1919 Machine Gun Team
Bazooka Squad
Improved M9 Bazooka Rockets
Selects SSF Commando Squad
SSF Commando Squad
Construct Medical Station
Raiding Flares
M3 Armored Personnel Carrier
Jesus Christ Loves You, Ask Him
Hydra7-1
Stana
BlueSkidrow™ Legion
0
0
Comments
sign in to comment!
No comments posted yet!